 Dungeon Crawl Stone Soup version 0.31-a0-1059-g83d41fd8b6 (webtiles) character file.

Game seed: 7320792091894669500

44 kae the Vexing (level 3, -2/25 HPs)
             Began as a Demonspawn Enchanter on Nov 21, 2023.
             Slain by a goblin
             ... wielding a +0 club
             ... led by Robin
              (5 damage)
             ... on level 2 of the Dungeon.
             The game lasted 00:00:59 (1221 turns).

kae the Vexing (Demonspawn Enchanter)               Turns: 1221, Time: 00:01:00

Health: -2/25      AC:  2    Str: 10    XL:     3   Next: 41%
Magic:  6/6        EV: 12    Int: 16    God:
Gold:   65         SH:  0    Dex: 13    Spells: 4/6 levels left

rFire   . . .        a - +1 dagger
rCold   . . .        (no shield)
rNeg    . . .        b - +0 robe
rPois   .            (no helmet)
rElec   .            (no cloak)
rCorr   .            (no gloves)
SInv    .            (no boots)
Will    .....        (no amulet)
Stlth   ++           (no ring)
HPRegen 0.24/turn    (no ring)
MPRegen 0.10/turn

%: no passive effects
@: about to teleport
A: claws 1
a: no special abilities


You were on level 2 of the Dungeon.
You visited 1 branch of the dungeon, and saw 2 of its levels.

You collected 65 gold pieces.


Innate Abilities, Weirdness & Mutations

You have sharp fingernails.


   Skills:
 + Level 0.7 Fighting
 * Level 1.5 Short Blades
 + Level 2.0 Dodging
 + Level 2.9 Stealth
 + Level 2.1 Spellcasting
 * Level 3.4 Hexes
 + Level 0.2 Ice Magic


You had 4 spell levels left.
You knew the following spells:

 Your Spells              Type           Power      Damage    Failure   Level
a - Ensorcelled Hibernat  Hex/Ice        14%        N/A       14%         2

Your spell library contained the following spells:

 Spells                   Type           Power      Damage    Failure   Level
 Confusing Touch          Hex            12%        N/A       14%         3
 Tukima's Dance           Hex            12%        N/A       14%         3
 Dazzling Flash           Conj/Hex       14%        N/A       30%         3

Inventory:

Hand Weapons
 a - a +1 dagger (weapon)
Missiles
 f - 6 stones
Armour
 b - a +0 robe (worn)
Magical Staves
 g - a staff of air {!a}
   (You found it on level 1 of the Dungeon)
Jewellery
 C - a ring of ice
   (You found it on level 1 of the Dungeon)
Scrolls
 i - 2 scrolls of vulnerability {unknown}
 j - 2 scrolls of identify {unknown}
Potions
 c - 2 potions of invisibility
 e - 2 potions of cancellation {unknown}
 h - a potion of attraction {unknown}
 k - a potion of degeneration {unknown}

Dungeon Overview and Level Annotations

Branches:
Dungeon (2/15) Zot: 10782

Altars:

Annotations:
D:2 Robin

.. #. #. #. #g . g##
#.## ##g## #..# ###
##.@.## ####.###..
##..gg.#####........#
#.............#......
##.....##.#...#..#..#
##......).......#..โ€
##..##.##....#.โ€ ...
##.##.##...)).....
#..........รท..###
####.#####.#.##..


You could see Robin and 4 goblins.


Message History

No target in view!
No target in view!
You start resting.
A hobgoblin is nearby!
The hobgoblin closely misses you. ๐Ÿ˜Ž HP[+1]
Your hp is fully restored (25).
You hit the hobgoblin. The hobgoblin hits you.
You hit the hobgoblin.
You kill the hobgoblin! ๐Ÿ˜• HP[-3]
You take 3 damage, and now have 22/25 hp.
Things that are here:
a +0 club; a goblin skeleton You barely miss the goblin.
The goblin hits you with a +0 club.
You hit the hobgoblin. The hobgoblin closely misses you.
The goblin barely misses you.
You hit the hobgoblin. The hobgoblin closely misses you.
The goblin hits you with a +0 club. ๐Ÿ˜• HP[-1]
You take 1 damage, and now have 21/25 hp.
You hit the hobgoblin.
You kill the hobgoblin!
The goblin hits you but does no damage.
Your Dodging skill increases to level 2!
You closely miss the goblin.
The goblin barely misses you. ๐Ÿ˜• HP[+1]
You barely miss the goblin. You hit the goblin.
You kill the goblin!
No target in view!
No target in view!
No target in view!
No target in view!
You start resting. ๐Ÿ˜Ž HP[+3]
Your hp is fully restored (25).
No target in view!
No target in view!
No target in view!
No target in view!
A goblin comes into view. It is wielding a +0 dagger.
The goblin moves out of view.
The goblin shouts!
The goblin hits you with a +0 dagger. ๐Ÿ˜• HP[-2]
You take 2 damage, and now have 23/25 hp.
You completely miss the goblin. The goblin hits you with a +0 dagger.
You miss the goblin.
The goblin hits you but does no damage. ๐Ÿ˜• HP[-2]
You take 2 damage, and now have 21/25 hp.
You hit the goblin. The goblin hits you with a +0 dagger.
You hit the goblin but do no damage. The goblin closely misses you.
You barely miss the goblin. The goblin hits you with a +0 dagger.
You hit the goblin.
You kill the goblin! ๐Ÿ˜ฎ HP[-3]
You take 3 damage, and now have 18/25 hp.
No target in view!
No target in view!
No target in view!
No target in view!
You see here a +0 dagger. ๐Ÿ˜• HP[+3]
You regained 3 hp, and now have 21/25 hp.
A goblin is nearby! ๐Ÿ˜• HP[+2]
You regained 2 hp, and now have 23/25 hp.
A goblin is nearby!
A goblin is nearby!
A goblin is nearby!
A goblin comes into view. It is wielding a +0 dagger.
The goblin shouts!
A goblin comes into view. It is wielding a +0 club.
You miss the goblin.
Robin shouts!
You hear a shout!
The goblin barely misses you. Robin throws the goblin at you!
You hit the goblin. The goblin closely misses you.
The goblin hits you with a +0 club. Robin throws the goblin at you!
You closely miss the goblin. The goblin hits you with a +0 club.
The goblin hits you but does no damage. The goblin hits you with a +0 club.
Robin roars a battlecry!
The goblins go into a battle-frenzy! ๐Ÿ˜ฎ HP[-9]
You take 9 damage, and now have 14/25 hp.
MASSIVE DAMAGE!! (PAUSE)
You hit the goblin but do no damage. The goblin hits you but does no damage.
The goblin hits you with a +0 dagger. The goblin barely misses you.
Robin hits you from afar with a +0 trident!
* * * LOW HITPOINT WARNING * * *
๐Ÿ˜ฑ HP[-9]
You take 9 damage, and now have 5/25 hp.
MASSIVE DAMAGE!! (PAUSE) Unknown command.
As you read the scroll labelled BOESTR QIWN, it crumbles to dust.
You feel strangely unstable.
It was a scroll of teleportation.
The goblin hits you with a +0 club.
* * * LOW HITPOINT WARNING * * *
The goblin hits you with a +0 club.
You die...

Skill      XL: |  1  2  3 |
---------------+----------+-----
Short Blades   | 1 |  1.5
Dodging        | 2 |  2.0
Fighting       | |  0.7
Stealth        | |  2.9
Spellcasting   | |  2.1
Hexes          | |  3.4
Ice Magic      | |  0.2

Action                     || total
---------------------------++-------
  Melee: Dagger            ||   117
         Punch             ||     1
   Cast: Ensorcelled Hiber ||     4
    Use: Scroll            ||     1
   Stab: Sleeping          ||     4
 Armour: Robe              ||    73
  Dodge: Dodged            ||    64

Levels and vault maps discovered:
D:1:      sevenhm_arrival_forest_fort_small_6, layout_loops_ring,
          chequers_serial_rivers_small_b
D:2:      layout_loops_cross, serial_shops, nicolae_diamond_shop,
          nicolae_ecumenical_pavilion, uniq_robin

Notes
Turn   | Place    | Note
-------+----------+-------------------------------------------
     0 | D:1      | kae the Demonspawn Enchanter began the quest for the Orb.
     0 | D:1      | Reached XP level 1. HP: 13/13 MP: 3/3
     0 | D:1      | magus.rc [v1.11.3]
    19 | D:1      | Reached skill level 1 in Short Blades
   148 | D:1      | Gained mutation: You have sharp fingernails. [demonic
                  | ancestry]
   148 | D:1      | Reached XP level 2. HP: 19/19 MP: 5/5
   494 | D:1      | Learned a level 2 spell: Ensorcelled Hibernation
   870 | D:2      | Found a faded altar of an unknown god.
   907 | D:2      | Reached XP level 3. HP: 16/25 MP: 6/6
   988 | D:1      | HP: 6/25 [hobgoblin[Robin] (4)]
   993 | D:1      | HP: 4/25 [hobgoblin[Robin] (3)]
  1138 | D:2      | Noticed Robin
  1172 | D:2      | Reached skill level 2 in Dodging
  1220 | D:2      | HP: 5/25 [Robin/+0 trident (8)]
  1221 | D:2      | Slain by a goblin

Vanquished Creatures
  2 dart slugs
  6 ball pythons (D:1)
  2 endoplasms
  3 giant cockroaches
  7 goblins
  5 hobgoblins
  2 jackals (D:1)
  A quokka (D:1)
  2 frilled lizards
  2 kobolds (D:1)
  3 rats
35 creatures vanquished.

Table legend:
 A = Non-vault XP
 B = Vault XP
 C = Vault XP percentage of total XP
 D = Non-vault monster count
 E = Vault monster count
 F = Vault count percentage of total count
                 A         B        C        D         E       F
            +---------+---------+-------+---------+---------+-------
      Total |      50 |      14 |  21.9 |      28 |       7 |  20.0
            +---------+---------+-------+---------+---------+-------
        D:1 |      37 |       4 |   9.8 |      21 |       2 |   8.7
        D:2 |      13 |      10 |  43.5 |       7 |       5 |  41.7
            +---------+---------+-------+---------+---------+-------

Skill      XL: |  1  2  3 |
---------------+----------+-----
Short Blades   | 1 |  1.5
Dodging        | 2 |  2.0
Fighting       | |  0.7
Stealth        | |  2.9
Spellcasting   | |  2.1
Hexes          | |  3.4
Ice Magic      | |  0.2

Action                     || total
---------------------------++-------
  Melee: Dagger            ||   117
         Punch             ||     1
   Cast: Ensorcelled Hiber ||     4
    Use: Scroll            ||     1
   Stab: Sleeping          ||     4
 Armour: Robe              ||    73
  Dodge: Dodged            ||    64

Illustrated notes

Table legend:
 A = Kills in this place as a percentage of kills in the entire game.
 B = Kills by you in this place as a percentage of kills by you in the entire game.
 C = Kills by friends in this place as a percentage of kills by friends in the entire game.
 D = Other kills in this place as a percentage of other kills in the entire game.
 E = Experience gained in this place as a percentage of experience gained in the entire game.
 F = Experience gained in this place divided by the number of levels of this place that you have seen.
                   A       B       C       D       E      F
               +-------+-------+-------+-------+-------+----------------------
         Total | 100.0 | 100.0 |   N/A |   N/A | 100.0 |  32.0
       Dungeon | 100.0 | 100.0 |   N/A |   N/A | 100.0 |  32.0
               +-------+-------+-------+-------+-------+----------------------

Table legend: (Time is in decaauts)
 A = Elapsed time spent in this place.
 B = Non-inter-level travel time spent in this place.
 C = Inter-level travel time spent in this place.
 D = Time resting spent in this place.
 E = Time spent auto-exploring this place.
 F = Levels seen in this place.
 G = Mean time per level.
                   A        B        C        D        E       F      G
               +--------+--------+--------+--------+--------+-----+--------+
         Total |   1216 |   1174 |     42 |    124 |    776 |   2 |  608.0 |
       Dungeon |   1216 |   1174 |     42 |    124 |    776 |   2 |  608.0 |
               +--------+--------+--------+--------+--------+-----+--------+

Top non-repeatable levels by time:
     D:1: 991 daAuts
     D:2: 224 daAuts
